 Dungeon Crawl Stone Soup version 0.31-a0-233-g139696dc86 (webtiles) character file.

Game seed: 3942077417020206632

51 qw the Shooter (level 3, -3/29 HPs)
             Began as a Minotaur Hexslinger on July 9, 2023.
             Slain by a gnoll
             ... wielding a +0 spear
              (8 damage)
             ... on level 2 of the Dungeon.
             The game lasted 00:00:18 (818 turns).

qw the Shooter (Minotaur Hexslinger)                 Turns: 818, Time: 00:00:19

Health: -3/29      AC:  2    Str: 12    XL:     3   Next: 57%
Magic:  3/3        EV: 12    Int: 10    God:
Gold:   28         SH:  0    Dex: 14    Spells: 3/4 levels left

rFire   + . .        Y - +1 sling
rCold   + . .        (no shield)
rNeg    . . .        c - +0 robe
rPois   .            (helmet restricted)
rElec   .            d - scarf {rC+ rF+}
rCorr   .            (no gloves)
SInv    .            (no boots)
Will    .....        (no amulet)
Stlth   +            (no ring)
HPRegen 0.24/turn    (no ring)
MPRegen 0.08/turn

%: no passive effects
@: no status effects
A: horns 2, retaliatory headbutt
a: no special abilities


You were on level 2 of the Dungeon.
You visited 1 branch of the dungeon, and saw 2 of its levels.

You collected 28 gold pieces.


Innate Abilities, Weirdness & Mutations

You have a pair of horns on your head.
You reflexively headbutt those who attack you in melee.


   Skills:
 - Level 2.0 Fighting
 + Level 4.1 Ranged Weapons
 - Level 2.1 Dodging
 - Level 1.0 Spellcasting
 - Level 2.0 Hexes


You had 3 spell levels left.
You knew the following spells:

 Your Spells              Type           Power      Damage    Failure   Level
a - Slow                  Hex            16%        N/A       16%         1

Your spell library contained the following spells:

 Spells                   Type           Power      Damage    Failure   Level
 Inner Flame              Hex/Fire       2%         N/A       56%         3
 Portal Projectile        Hex/Tloc       4%         N/A       56%         3
 Cause Fear               Hex            2%         N/A       83%         4

Inventory:

Hand Weapons
 Y - a +1 sling (weapon)
Armour
 c - a +0 robe (worn)
 d - a scarf of resistance (worn)
Jewellery
 a - a +5 ring of evasion

Dungeon Overview and Level Annotations

Branches:
Dungeon (2/15)

Altars:


Message History

The gnoll shouts!
You shoot a sling bullet. The sling bullet hits the gnoll.
The gnoll is almost dead.
An endoplasm comes into view.
You shoot a sling bullet. The sling bullet hits the gnoll.
You kill the gnoll!
You shoot a sling bullet. The sling bullet hits the gnoll!
The gnoll is heavily wounded.
A kobold comes into view. It is wielding a +0 short sword. x2
You shoot a sling bullet.
The sling bullet barely misses the gnoll.
The kobold shouts! x2
The sling bullet hits the kobold.
You kill the kobold!
The gnoll barely misses you. The gnoll misses you.
You shoot a sling bullet.
The sling bullet completely misses the gnoll.
The gnoll hits you from afar with a +0 spear!
The gnoll closely misses you.
The gnoll hits you from afar with a +0 spear.
The gnoll hits you from afar with a +0 halberd!
You shoot a sling bullet. The sling bullet hits the gnoll.
The gnoll is almost dead.
The gnoll closely misses you.
A hobgoblin comes into view.
The gnoll barely misses you.
You shoot a sling bullet. The sling bullet hits the gnoll.
You kill the gnoll!
The gnoll misses you.
Your Ranged Weapons skill increases to level 4!
You shoot a sling bullet. The sling bullet hits the endoplasm.
The endoplasm is moderately wounded.
The gnoll closely misses you. The endoplasm freezes you.
You are frozen.
You resist.
You shoot a sling bullet. The sling bullet hits the endoplasm.
You kill the endoplasm!
The kobold hits you with a +0 short sword.
The gnoll hits you from afar with a +0 spear!
You die...

......).......
.............
............
...g.......
.>..).....
.)g......
##.K......
#.@.......
#.........
#.........
###.........
..####..........<#
#.................
####..##.........#
....# #.........#
<...# #.........#


You could see a gnoll, a hobgoblin and a kobold.

Vanquished Creatures
  3 gnolls
  A ball python (D:1)
  3 endoplasms
  3 goblins (D:1)
  2 hobgoblins (D:1)
  A bat (D:1)
  5 frilled lizards (D:1)
  5 kobolds
  2 rats (D:1)
25 creatures vanquished.

Vanquished Creatures (others)
  A kraken (D:1)
  2 minotaurs (D:1)
  2 elves (D:1)
  3 vampires (D:1)
  A spriggan (D:1)
  A human (D:1)
  A demigod (D:1)
  An ogre (D:1)
  A gnoll (D:1)
  A kobold (D:1)
  6 tentacles (D:1)
20 creatures vanquished.

Grand Total: 45 creatures vanquished

Notes
Turn   | Place    | Note
-------+----------+-------------------------------------------
     0 | D:1      | qw the Minotaur Hexslinger began the quest for the Orb.
     0 | D:1      | Reached XP level 1. HP: 16/16 MP: 1/1
     0 | D:1      | 0 ||| qw: Version: 0.3-a-51-g015441d
     0 | D:1      | 0 ||| qw: Game counter: 3873
     0 | D:1      | 0 ||| qw: Melee chars always use a shield: true
     0 | D:1      | 0 ||| qw: God list: Okawaru
     0 | D:1      | 0 ||| qw: Allow faded altars: false
     0 | D:1      | 0 ||| qw: Do Orc after clearing Dungeon:15 true
     0 | D:1      | 0 ||| qw: Do second Lair branch before Depths: true
     0 | D:1      | 0 ||| qw: Lair rune preference: random
     0 | D:1      | 0 ||| qw: Goals: Normal
     0 | D:1      | 0 ||| PLANNING D:1-11
     2 | D:1      | Noticed an ogre
     2 | D:1      | Noticed a spriggan
     2 | D:1      | Noticed a vampire
     2 | D:1      | Noticed a minotaur
     2 | D:1      | Noticed an elf
     2 | D:1      | Noticed an elf
     2 | D:1      | Noticed a kraken
     2 | D:1      | Noticed a vampire
     2 | D:1      | Noticed a minotaur
     2 | D:1      | Noticed a vampire
     2 | D:1      | Noticed a troll
     2 | D:1      | Noticed a minotaur
     2 | D:1      | Noticed a demigod
     2 | D:1      | Noticed a human
     4 | D:1      | 4 ||| DROPPING scroll of poison.
     4 | D:1      | Killed a vampire
     5 | D:1      | Killed a vampire
     6 | D:1      | Killed a vampire
     7 | D:1      | Killed a minotaur
     7 | D:1      | Killed a human
     8 | D:1      | Killed an ogre
     9 | D:1      | Killed a demigod
    10 | D:1      | Killed an elf
    10 | D:1      | Killed an elf
    11 | D:1      | Killed a spriggan
    13 | D:1      | Killed a minotaur
    14 | D:1      | Killed a kraken
    15 | D:1      | Reached skill level 3 in Ranged Weapons
    15 | D:1      | Reached XP level 2. HP: 12/23 MP: 2/2
    15 | D:1      | 15 ||| FLEEEEING.
    16 | D:1      | 16 ||| FLEEEEING.
   274 | D:1      | 274 ||| Stepping ~*~*~tactically~*~*~ (water).
   429 | D:1      | Reached XP level 3. HP: 29/29 MP: 3/3
   754 | D:1      | 754 ||| UPGRADING to scarf of resistance.
   759 | D:1      | 759 ||| READING scroll labelled IKESYNYLIF.
   762 | D:1      | 762 ||| READING scroll labelled OXA UWAESKY.
   814 | D:2      | HP: 6/29 [gnoll/+0 halberd (11)]
   817 | D:2      | Reached skill level 4 in Ranged Weapons
   818 | D:2      | Slain by a gnoll

Levels and vault maps discovered:
D:1:      nicolae_arrival_kraken_aquarium_b, layout_loops_ring,
          minmay_misc_feat_room, minmay_misc_feat_cross,
          chequers_serial_rivers_large_a
D:2:      layout_rooms, basic_altar

Skill      XL: |  1  2  3 |
---------------+----------+-----
Ranged Weapons | 3 4 |  4.1
Fighting       | 2 |  2.0
Dodging        | |  2.1
Spellcasting   | |  1.0
Hexes          | |  2.0

Action                     || total
---------------------------++-------
   Fire: Sling             ||    72
    Use: Scroll            ||     2
 Armour: Robe              ||     2
  Dodge: Dodged            ||    28

Table legend:
 A = Non-vault XP
 B = Vault XP
 C = Vault XP percentage of total XP
 D = Non-vault monster count
 E = Vault monster count
 F = Vault count percentage of total count
                 A         B        C        D         E       F
            +---------+---------+-------+---------+---------+-------
      Total |      75 |       0 |   0.0 |      25 |       0 |   0.0
            +---------+---------+-------+---------+---------+-------
        D:1 |      43 |       0 |   0.0 |      20 |       0 |   0.0
        D:2 |      32 |       0 |   0.0 |       5 |       0 |   0.0
            +---------+---------+-------+---------+---------+-------
